 Dungeon Crawl Stone Soup version 0.17-a0-1481-gfdcec5c (webtiles) character file.

11538 Fluffy the Corrupter of Planes (level 11, 0/89 HPs)
             Began as a Demonspawn Abyssal Knight on July 4, 2015.
             Was the Champion of Lugonu.
             Shot with a bolt by an orc knight (16 damage)
             ... on level 2 of the Orcish Mines.
             The game lasted 00:38:51 (10753 turns).

Fluffy the Corrupter of Planes (DsAK)              Turns: 10753, Time: 00:38:52

Health: 0/89       AC: 16    Str: 22    XL:     11   Next: 50%
Magic:  27/28      EV: 12    Int: 15    God:    Lugonu [******]
Gold:   1164       SH:  0    Dex: 16    Spells: 0 memorised, 10 levels left

rFire  . . .     SeeInvis .     M - +2 battleaxe (freeze) (curse)
rCold  + + .     Clarity  .     k - +0 chain mail
rNeg   + . .     SustAt   .     (no shield)
rPois  .         Gourm    .     (no helmet)
rElec  .         Spirit   .     d - +1 cloak
rCorr  .         Warding  +     (no gloves)
rMut   .         Stasis   .     (no boots)
MR     .....                    x - amulet of warding
Stlth  ..........               E - ring of Toocogib {rC+ MP+9}
                                F - ring of protection from cold

@: mighty, not resistant to hostile enchantments, extremely unstealthy
A: hooves 2, thin metallic scales 2, agile 2, clever 1, mutation resistance 1,
powered by death 2, powered by pain 3
a: Depart the Abyss, Bend Space, Banish, Corrupt, Enter the Abyss, Renounce
Religion


You were on level 2 of the Orcish Mines.
You worshipped Lugonu.
Lugonu was exalted by your worship.
You were not hungry.

You visited 2 branches of the dungeon, and saw 13 of its levels.
You visited the Abyss 1 time.
You also visited: Sewer.

You collected 1164 gold pieces.

Inventory:

Hand weapons
 M - a cursed +2 battleaxe of freezing (weapon)
Armour
 d - a +1 cloak (worn)
 k - a +0 chain mail (worn)
Jewellery
 t - an uncursed ring of fire
 x - an amulet of warding (around neck)
 E - the ring of Toocogib (right hand) {rC+ MP+9}
   (You found it on level 8 of the Dungeon)

   [ring of magical power]

   It protects you from cold.
   It affects your magic capacity (+9).
 F - a ring of protection from cold (left hand)
 G - an uncursed ring of sustain attributes
 N - an uncursed amulet of resist mutation
Magical devices
 v - a wand of draining (6)
 w - a wand of magic darts (31)
 C - a wand of frost (20)
 J - a wand of flame (13)
 L - a wand of frost (29)
Scrolls
 f - 3 scrolls of remove curse
 m - 3 scrolls of enchant armour
 o - 3 scrolls of fear
 y - 3 scrolls of fog
 z - 2 scrolls of teleportation
 D - a scroll of identify
Potions
 a - a potion of berserk rage
 b - 2 potions of brilliance
 e - a potion of mutation
 h - a potion of magic
 i - a potion of resistance
 j - a potion of agility
 l - 2 potions of might
 p - 3 potions of ambrosia
 u - 6 potions of flight
 A - a potion of curing
Books
 H - a book of the Sky

   Spells                             Type                      Level
   a - Summon Lightning Spire         Summoning/Air                4
   b - Airstrike                      Air                          4
   c - Silence                        Hexes/Air                    5
   d - Deflect Missiles               Charms/Air                   6
   e - Conjure Ball Lightning         Conjuration/Air              6
   f - Tornado                        Air                          9
 K - a book of Cantrips

   Spells                             Type                      Level
   a - Corona                         Hexes                        1
   b - Animate Skeleton               Necromancy                   1
   c - Summon Small Mammal            Summoning                    1
   d - Apportation                    Translocation                1
Comestibles
 c - 13 bread rations
 g - 8 meat rations
 n - 4 fruits
 q - a royal jelly
 r - 10 beef jerkies
 s - 2 chunks of flesh
 B - 2 slices of pizza


   Skills:
 + Level 9.1 Fighting
 + Level 8.0 Axes
 + Level 7.6 Armour
 + Level 7.4 Dodging
 + Level 10.9 Invocations


You had 10 spell levels left.
You didn't know any spells.

Dungeon Overview and Level Annotations

Branches:
Dungeon (11/15)            Temple (0/1) D:5            Lair (0/8) D:10
    Orc (2/4) D:11

Altars:
Makhleb
Okawaru
Qazlal
Sif Muna
Xom
The Shining One

Shops:
D:11 %::}*


Innate Abilities, Weirdness & Mutations

You have hoof-like feet.
You are mostly covered in thin metallic scales (AC +3).
You regenerate health from kills.
You are powered by pain.
You are very agile. (Dex +4)
Your mind is acute. (Int +2)
You are somewhat resistant to further mutation.


Message History

* * * LOW HITPOINT WARNING * * *
You feel slightly more hungry.
The orc knight unwields an uncursed long sword.
The orc knight wields an uncursed arbalest.
The orc knight shoots a bolt.
The bolt hits you but does no damage.
Your chain mail prevents you from hitting the orc wizard.
The orc wizard is lightly wounded.
The orc wizard barely misses you.
The orc knight shoots a bolt.
The bolt closely misses you.
The bolt hits the orc!
The orc dies!
The orc wizard barely misses you.
Unknown command.
You barely miss the orc wizard.
You kick the orc wizard, but do no damage.
The orc wizard is lightly wounded.
The orc wizard gestures at you while chanting.
The magic dart hits you!
* * * LOW HITPOINT WARNING * * *
The orc knight shoots a bolt.
The bolt hits you!
You die...

...... ........##
. ........## ..
........##
.#.......>ยง.##.
.........o)......#
.....#.....$.....#
.................#
#.#.@oo......## #
##(#.......#
.........##
..........#
....... ..#
.#.##.#.# ## .#..
..## ####. .#


You could see an orc knight, an orc priest (frenzied) and an orc wizard
(frenzied).

Vanquished Creatures
  3 hill giants
  A cyclops (D:11)
  A centaur zombie (D:11)
  Psyche (D:9)
  A gargoyle (D:11)
  A kobold demonologist (Sewer)
  Grinder (Sewer)
  Prince Ribbit (D:5)
  A slime creature (D:11)
  The ghost of Oddysee the Conjurer, an average OpCj (D:4)
  A wraith (D:11)
  A trapdoor spider (D:9)
  A hog (shapeshifter) (D:11)
  2 hungry ghosts
  A warg (Orc:1)
  2 hippogriffs
  2 water moccasins
  4 sky beasts
  2 ice beasts
  2 black bears
  2 ogres
  4 phantoms
  10 orc warriors
  A crocodile (D:11)
  A necrophage (D:6)
  5 centaurs
  5 big kobolds
  Blork the orc (D:5)
  10 giant frogs
  2 wyvern skeletons (D:8)
  3 scorpions
  9 killer bees
  8 wights
  3 crimson imps
  5 hounds
  3 giant frog skeletons
  4 jellies
  5 worker ants
  12 orc priests
  15 orc wizards
  A killer bee zombie (D:11)
  An iguana (D:10)
  3 big kobold zombies (Sewer)
  A hound zombie (D:10)
  2 worker ant zombies (D:10)
  20 adders
  5 shadow imps
  4 ufetubi (Sewer)
  2 adder skeletons
  2 adder zombies
  3 worms
  81 orcs
  2 ball pythons
  A bat skeleton (D:4)
  3 giant cockroaches
  11 goblins
  18 hobgoblins
  12 jackals
  42 kobolds
  6 quokkas
  28 bats
  3 giant geckos
  A giant gecko skeleton (D:4)
  2 giant newts
  18 rats
410 creatures vanquished.

Vanquished Creatures (others)
  An ooze (Sewer)
  An orc (Orc:2)
  A giant cockroach (Sewer)
  2 fungi (D:10)
5 creatures vanquished.

Grand Total: 415 creatures vanquished

Notes
Turn   | Place    | Note
--------------------------------------------------------------
     0 | Abyss:1  | Fluffy the Demonspawn Abyssal Knight began the quest for the Orb.
     0 | Abyss:1  | Reached XP level 1. HP: 18/18 MP: 2/2
    71 | Abyss:1  | Noticed a starcursed mass
    75 | Abyss:1  | Noticed a small abomination
    87 | D:1      | Escaped the Abyss
   293 | D:1      | Acquired Lugonu's first power
   293 | D:1      | Reached skill level 1 in Dodging
   304 | D:1      | Gained mutation: You have large cloven feet. [demonic ancestry]
   304 | D:1      | Reached XP level 2. HP: 24/24 MP: 4/4
  1018 | D:2      | Gained mutation: You have hoof-like feet. [demonic ancestry]
  1018 | D:2      | Reached XP level 3. HP: 29/29 MP: 5/5
  1182 | D:2      | Found an iron altar of Okawaru.
  1848 | D:3      | Found a glowing golden altar of the Shining One.
  1900 | D:3      | Acquired Lugonu's second power
  2088 | D:3      | Gained mutation: You regenerate a little health from kills. [demonic ancestry]
  2088 | D:3      | Reached XP level 4. HP: 8/35 MP: 6/6
  2384 | D:3      | Gained mutation: You are somewhat resistant to further mutation. [potion of mutation]
  2385 | D:3      | Gained mutation: Your mind is acute. (Int +2) [potion of mutation]
  2386 | D:3      | Gained mutation: You are agile. (Dex +2) [potion of mutation]
  2387 | D:3      | Gained mutation: You are very agile. (Dex +4) [potion of mutation]
  2396 | D:3      | Found a stormy altar of Qazlal.
  2449 | D:3      | Found a burning altar of Makhleb.
  2872 | D:4      | Gained mutation: You sometimes gain a little power by taking damage. [demonic ancestry]
  2872 | D:4      | Reached XP level 5. HP: 19/42 MP: 7/7
  3065 | D:4      | Reached skill level 4 in Fighting
  3068 | D:4      | Gained mutation: You are partially covered in thin metallic scales (AC +2). [demonic ancestry]
  3068 | D:4      | Reached XP level 6. HP: 18/48 MP: 8/8
  3157 | D:4      | Acquired Lugonu's third power
  3206 | D:4      | Found a glowing drain.
  3207 | D:4      | Noticed Oddysee's ghost (average OpCj)
  3229 | D:4      | Killed Oddysee's ghost
  3235 | Sewer    | Entered a sewer
  3441 | Sewer    | Reached XP level 7. HP: 55/55 MP: 10/10
  3452 | Sewer    | Reached skill level 5 in Invocations
  3501 | Sewer    | Found a burning altar of Makhleb.
  3559 | Sewer    | Paralysed by a big kobold for 5 turns
  3568 | Sewer    | Paralysed by a big kobold for 3 turns
  3572 | Sewer    | Paralysed by a big kobold for 7 turns
  3631 | Sewer    | Noticed Grinder
  3636 | Sewer    | Paralysed by Grinder for 2 turns
  3645 | Sewer    | Paralysed by Grinder for 3 turns
  3650 | Sewer    | Killed Grinder
  3650 | Sewer    | Reached skill level 5 in Fighting
  3653 | Sewer    | Acquired Lugonu's fourth power
  3672 | Sewer    | Noticed an apprentice kobold demonologist
  3712 | Sewer    | Killed an apprentice kobold demonologist
  3712 | Sewer    | Reached skill level 6 in Invocations
  3712 | Sewer    | Gained mutation: You are mostly covered in thin metallic scales (AC +3). [demonic ancestry]
  3712 | Sewer    | Reached XP level 8. HP: 55/63 MP: 12/12
  4535 | D:5      | Entered Level 5 of the Dungeon
  4909 | D:5      | Noticed Prince Ribbit
  4920 | D:5      | Killed Prince Ribbit
  5031 | D:5      | Found a staircase to the Ecumenical Temple.
  5055 | D:5      | Noticed Blork the orc
  5061 | D:5      | Killed Blork the orc
  5061 | D:5      | Reached skill level 5 in Axes
  5061 | D:5      | Reached skill level 7 in Invocations
  5594 | D:6      | Gained mutation: You regenerate health from kills. [demonic ancestry]
  5594 | D:6      | Reached XP level 9. HP: 57/69 MP: 14/14
  5657 | D:6      | Reached skill level 5 in Armour
  5852 | D:6      | Reached skill level 5 in Dodging
  6013 | D:6      | Found a deep blue altar of Sif Muna.
  6207 | D:6      | Acquired Lugonu's fifth power
  7383 | D:8      | Reached skill level 8 in Invocations
  7649 | D:8      | Got a steaming lapis lazuli ring
  7650 | D:8      | Identified the ring of Toocogib {rC+ MP+9} (You found it on level 8 of the Dungeon)
  7723 | D:8      | Gained mutation: You sometimes gain power by taking damage. [demonic ancestry]
  7723 | D:8      | Reached XP level 10. HP: 79/79 MP: 16/16
  7963 | D:9      | Reached skill level 9 in Invocations
  7987 | D:9      | Noticed Psyche
  8005 | D:9      | Killed Psyche
  8422 | D:9      | Found a shimmering altar of Xom.
  8604 | D:10     | Entered Level 10 of the Dungeon
  8979 | D:10     | Found a staircase to the Lair.
  9355 | D:10     | Noticed a hill giant
  9360 | D:10     | Killed a hill giant
  9360 | D:10     | Reached skill level 10 in Invocations
  9403 | D:11     | Found Falu's Assorted Antiques.
  9445 | D:11     | Found Utzudwat's Gadget Shoppe.
  9445 | D:11     | Noticed a hill giant
  9445 | D:11     | Noticed a cyclops
  9447 | D:11     | Noticed a hill giant
  9542 | D:11     | Killed a hill giant
  9553 | D:11     | Killed a hill giant
  9553 | D:11     | Gained mutation: You are powered by pain. [demonic ancestry]
  9553 | D:11     | Reached XP level 11. HP: 12/87 MP: 18/18
  9705 | D:11     | Killed a cyclops
  9850 | D:11     | Found a staircase to the Orcish Mines.
 10013 | D:11     | Found Dodis's Book Emporium.
 10112 | D:11     | Found Qigun's Food Shoppe.
 10211 | D:11     | Found Coxton Igie's Book Shoppe.
 10451 | Orc:1    | Entered Level 1 of the Orcish Mines
 10749 | Orc:2    | HP: 2/89 [orc wizard/dagger of electrocution[an orc knight] (16)]
 10753 | Orc:2    | Shot with a bolt by an orc knight

Vault maps used:
D:1:      shiori_arrival_elements
D:2:      lemuel_crystal_altar, serial_bayou, serial_bayou_pond_b,
          serial_bayou_shore_b, serial_bayou_lake_a, serial_bayou_pond_a,
          serial_bayou_crossing
D:3:      tso_altar, nicolae_qazlal_eye_of_the_storm, lemuel_doored_altar,
          first_bread
D:4:      gup_sewer_entry_bubbles
D:5:      minmay_temple_entry_enclosed_plants, uniq_blork_the_orc,
          uniq_prince_ribbit1, uniq_grinder
D:6:      nicolae_overflow_crystal_walls, minivault_23, corexii_checkpoint_b
D:7:      minmay_crystal_water
D:9:      tgw_xom, uniq_psyche
D:10:     due_lair_maze_entry_diamond, special_room
D:11:     minmay_wavy_crystal, orc_0_dummy, serial_shops, nicolae_shop_crystal,
          kennysheep_mini_moat, shop, shop_coins, kennysheep_mini,
          grunt_ogre_cave, kennysheep_opposing_triangles
Orc:2:    nicolae_orc_accident_2
Sewer:    kennysheep_sewer_church

Action                   |  1- 3 |  4- 6 |  7- 9 | 10-12 || total
-------------------------+-------+-------+-------+-------++-------
Melee: Hand axe          |   141 |   100 |       |       ||   241
       War axe           |       |   106 |   510 |   275 ||   891
       Battleaxe         |       |       |       |   229 ||   229
Invok: Depart the Abyss  |     1 |       |       |       ||     1
       Bend Space        |       |       |       |     3 ||     3
  Use: Scroll            |       |    13 |     9 |     6 ||    28
       Potion            |       |     5 |     1 |     1 ||     7
  Eat: Chunk             |     3 |     6 |    13 |    13 ||    35
       Pizza             |       |       |     1 |       ||     1
